 Dungeon Crawl Stone Soup version 0.31-a0-1163-gcee99d1eea (webtiles) character file.

Game seed: 2003789934262332431

2048 drugrobin the Basher (level 8, -9/68 HPs)
             Began as a Demigod Delver on Dec 9, 2023.
             Mangled by an ogre
             ... wielding a +0 giant club
              (25 damage)
             ... on level 6 of the Dungeon.
             The game lasted 00:13:54 (5771 turns).

drugrobin the Basher (Demigod Delver)               Turns: 5771, Time: 00:13:54

Health: -9/68      AC: 14    Str: 21    XL:     8   Next: 75%
Magic:  10/10      EV:  8    Int: 12    God:
Gold:   61         SH:  0    Dex: 15    Spells: 7/7 levels left

rFire   . . .        b - +1 whip (venom)
rCold   . . .        (no shield)
rNeg    . . .        s - +0 chain mail
rPois   .            J - +0 helmet
rElec   .            (no cloak)
rCorr   .            (no gloves)
SInv    .            C - +0 pair of boots
Will    +....        (no amulet) Stlth
                     m - +4 ring of protection
HPRegen 0.31/turn    t - ring of willpower
MPRegen 0.12/turn

%: no passive effects
@: no status effects
A: high MP 1, forlorn, divine attributes
a: no special abilities


You were on level 6 of the Dungeon.
You visited 1 branch of the dungeon, and saw 6 of its levels.

You collected 259 gold pieces.
You spent 198 gold pieces at shops.

Inventory:

Hand Weapons
 a - a +2 spectral quarterstaff
 b - a +1 whip of venom (weapon)
 c - a +1 heavy mace
 d - a +0 flail
 e - a +0 hand axe of electrocution
 f - a +1 whip of freezing
Missiles
 v - 16 poisoned darts
 w - 8 boomerangs (quivered)
 x - 3 curare-tipped darts
 H - 2 throwing nets
Armour
 s - a +0 chain mail (worn)
 C - a +0 pair of boots (worn)
 J - a +0 helmet (worn)
Magical Staves
 i - a staff of earth
 q - a staff of conjuration
Jewellery
 m - a +4 ring of protection (left hand)
 t - a ring of willpower (right hand)
 y - a +6 ring of intelligence
Wands
 g - a wand of digging (3)
 h - a wand of light (19)
 p - a wand of mindburst (21)
Scrolls
 j - a scroll of poison
 k - 4 scrolls of teleportation
 l - 2 scrolls of fear
 n - 2 scrolls of vulnerability {unknown}
 E - 3 scrolls of enchant armour {unknown}
 F - 2 scrolls of fog
 G - a scroll of revelation
 M - a scroll of identify
Potions
 o - a potion of experience {unknown}
 u - a potion of attraction {unknown}
 z - a potion of enlightenment {unknown}
 A - a potion of lignification {unknown}
 B - a potion of mutation {unknown}
 D - a potion of berserk rage {unknown}
 I - a potion of cancellation {unknown}
 K - a potion of might {unknown}
 L - a potion of haste


   Skills:
 - Level 5.3 Fighting
 + Level 9.1 Maces & Flails
 - Level 1.7 Dodging
 - Level 4.5 Stealth
 - Level 4.0 Evocations


You had 7 spell levels left.
You didn't know any spells.
Your spell library contained the following spells:

 Spells                   Type           Power      Damage    Failure   Level
 Foxfire                  Conj/Fire      0%         2x1d4     95%         1
 Kiss of Death            Conj/Necr      0%         2d5       95%         1
 Necrotise                Necr           0%         1d4       95%         1
 Slow                     Hex            0%         N/A       95%         1
 Sting                    Tmut/Pois      0%         1d3       95%         1
 Ensorcelled Hibernation  Hex/Ice        0%         N/A       99%         2
 Jinxbite                 Hex            0%         N/A       99%         2
 Poisonous Vapours        Pois/Air       0%         N/A       99%         2
 Sublimation of Blood     Necr           0%         N/A       99%         2
 Wereblood                Tmut           0%         N/A       99%         2
 Confusing Touch          Hex            0%         N/A       100%        3
 Inner Flame              Hex/Fire       0%         N/A       100%        3
 Sigil of Binding         Hex            0%         N/A       100%        3
 Vampiric Draining        Necr           0%         2d6       100%        3
 Anguish                  Hex/Necr       0%         N/A       100%        4
 Flame Wave               Conj/Fire      0%         2d4       100%        4
 Olgreb's Toxic Radiance  Pois           0%         N/A       100%        4
 Sticky Flame             Conj/Fire      0%         2d3       100%        4
 Agony                    Necr           0%         N/A       100%        5
 Plasma Beam              Fire/Air       0%         2x1d10    100%        6
 Starburst                Conj/Fire      0%         6d3       100%        6
 Spellforged Servitor     Conj/Summ      0%         N/A       100%        7
 Summon Hydra             Summ           0%         N/A       100%        7
 Lehudib's Crystal Spear  Conj/Erth      0%         10d2      100%        8


Dungeon Overview and Level Annotations

Branches:
Dungeon (6/15)             Temple (0/1) D:5

Shops:
D:1 ?   D:4 (:=

Annotations:
D:4 3 runed translucent doors, Curundu's ghost, amateur DrBe


Innate Abilities, Weirdness & Mutations

You have an increased reservoir of magic. (+10% MP)
You shall have no god before yourself.
Your divine heritage dramatically boosts your attributes as you level up.


Message History

You completely miss the water moccasin.
The water moccasin is severely wounded.
The water moccasin bites you but does no damage.
The water moccasin completely misses you.
Your +1 whip of venom begins to drip with poison!
b - a +1 whip of venom (weapon)
The water moccasin barely misses you.
You barely miss the water moccasin.
The water moccasin is severely wounded.
The water moccasin bites you.
You are poisoned.
The water moccasin poisons you!
You whack the water moccasin!
You kill the water moccasin!
You feel very sick.
Your Maces & Flails skill increases to level 9!
You feel very sick.
The ogre hits you with a +0 giant club!!
You see here a water moccasin corpse.
You hit the ogre.
The ogre is poisoned.
The ogre is lightly wounded.
You feel sick.
You barely miss the ogre.
The ogre is moderately wounded.
You feel sick.
The ogre hits you with a +0 giant club!!
* * * LOW HITPOINT WARNING * * *
Unknown command.
You feel sick. The ogre attacks as it pursues you!
The ogre hits you with a +0 giant club!
* * * LOW HITPOINT WARNING * * *
Unknown command.
* * * LOW HITPOINT WARNING * * *
You feel sick.
Unknown command.
Okay, then.
You feel better. The ogre attacks as it pursues you!
The ogre hits you with a +0 giant club!!
You die...

...............#######
......................
......................
......#...............
.......##.............
.......+..............
.......##.#†##...).... ...#
.......##.#.###########....
.......'..#....O@...........
.......############.....#...
..................+.........
.........#........#.........
.........#..................
#####....#..................
.........#..................
.........#........##........
.........#........##........


You could see an ogre (poisoned).

Vanquished Creatures
  Pikel (D:5)
  A water moccasin (D:6)
  An ice beast (D:6)
  A black bear (D:4)
  A sky beast (D:6)
  A centaur (D:5)
  A lemure (D:5)
  2 phantoms (D:6)
  2 scorpions (D:5)
  5 wights
  A hound (D:6)
  A gnoll bouda (D:3)
  2 jellies
  2 orc priests (D:4)
  3 iguanas
  Robin (D:4)
  17 gnolls
  10 adders
  A white imp (D:5)
  A worm (D:2)
  2 dart slugs
  7 orcs
  3 ball pythons
  3 bats
  8 endoplasms
  5 giant cockroaches
  13 goblins
  12 hobgoblins
  6 jackals
  3 quokkas
  4 frilled lizards
  6 kobolds
  3 rats
130 creatures vanquished.

Notes
Turn   | Place    | Note
-------+----------+-------------------------------------------
     0 | D:5      | drugrobin the Demigod Delver began the quest for the Orb.
     0 | D:5      | Reached XP level 1. HP: 18/18 MP: 3/3
   101 | D:4      | Found a runed translucent gate.
   123 | D:3      | Reached skill level 2 in Maces & Flails
   193 | D:3      | Reached XP level 2. HP: 25/25 MP: 4/4
   276 | D:3      | Reached skill level 3 in Maces & Flails
   601 | D:1      | Reached XP level 3. HP: 30/30 MP: 5/5
   689 | D:1      | Found Uhiutsau's Magic Scroll Emporium.
   704 | D:1      | Bought a scroll of identify for 24 gold pieces
   704 | D:1      | Bought a scroll of noise for 12 gold pieces
   704 | D:1      | Bought a scroll of teleportation for 36 gold pieces
  1604 | D:2      | Got the Volume of the Salvo
  2243 | D:3      | Reached skill level 4 in Maces & Flails
  2312 | D:4      | Found Gennungus's Antique Weapon Boutique.
  2314 | D:4      | Noticed Robin
  2324 | D:4      | Killed Robin
  2325 | D:4      | Reached XP level 4. HP: 36/37 MP: 6/6
  2464 | D:4      | Found Opnoucoi's Jewellery Boutique.
  2531 | D:4      | Found Cuodgh's Book Shop.
  2553 | D:4      | Reached XP level 5. HP: 34/45 MP: 7/7
  2699 | D:4      | Noticed a black bear
  2941 | D:4      | Reached skill level 5 in Maces & Flails
  2964 | D:4      | Reached XP level 6. HP: 24/52 MP: 8/8
  3166 | D:4      | Bought a runed whip for 126 gold pieces
  3326 | D:4      | Found a runed translucent gate.
  3326 | D:4      | Found a runed translucent gate.
  3326 | D:4      | Noticed Curundu's ghost (amateur DrBe)
  3992 | D:5      | Reached skill level 5 in Fighting
  3992 | D:5      | Reached XP level 7. HP: 23/61 MP: 9/9
  4121 | D:5      | Reached skill level 6 in Maces & Flails
  4343 | D:5      | Found a staircase to the Ecumenical Temple.
  4611 | D:5      | Reached skill level 1 in Evocations
  4750 | D:5      | Noticed Pikel
  4759 | D:5      | Killed Pikel
  4760 | D:5      | Reached skill level 7 in Maces & Flails
  4760 | D:5      | Reached XP level 8. HP: 51/68 MP: 10/10
  5197 | D:5      | Reached skill level 8 in Maces & Flails
  5762 | D:6      | Reached skill level 9 in Maces & Flails
  5771 | D:6      | Mangled by an ogre

Illustrated notes

Levels and vault maps discovered:
D:1:      erik_arrival_cave_to_civilisation [erik_arrival_cave_to_hall],
          layout_basic, chequers_ecumenical_altar_simple, serial_shops,
          nicolae_shop_waterfront, minivault_26
D:2:      layout_basic
D:3:      layout_rooms, minmay_vboxes
D:4:      layout_rooms, biasface_ghost_orc_armoury, serial_shops,
          nicolae_shop_tiny_glass, shop, shop, uniq_robin
D:5:      layout_basic, grunt_temple_overflow_open, minmay_temple_entry_glass,
          uniq_pikel
D:6:      minmay_cornered_nines, layout_basic

Skill      XL: |  1  2  3  4  5  6  7  8 |
---------------+-------------------------+-----
Maces & Flails | 2 3 4 5 7 9 |  9.1
Fighting       | 3 4 5 |  5.3
Evocations     | 3 4 |  4.0
Dodging        | |  1.7
Stealth        | |  4.5

Action                     |  1- 3 |  4- 6 |  7- 9 || total
---------------------------+-------+-------+-------++-------
  Melee: Quarterstaff      |    79 |    68 |    80 ||   227
         Mace              |     8 |       |       ||     8
         Whip              |       |    50 |    70 ||   120
         Punch             |       |     2 |       ||     2
  Throw: Boomerang         |     1 |    10 |    24 ||    35
  Evoke: Wand              |       |       |     1 ||     1
    Use: Scroll            |     1 |     1 |       ||     2
         Potion            |       |     1 |     1 ||     2
   Stab: Distracted        |       |     1 |       ||     1
 Armour: Leather armour    |     4 |       |       ||     4
         Chain mail        |    53 |   140 |   106 ||   299
  Dodge: Dodged            |    33 |    65 |    34 ||   132

Table legend: (Time is in decaauts)
 A = Elapsed time spent in this place.
 B = Non-inter-level travel time spent in this place.
 C = Inter-level travel time spent in this place.
 D = Time resting spent in this place.
 E = Time spent auto-exploring this place.
 F = Levels seen in this place.
 G = Mean time per level.
                   A        B        C        D        E       F      G
               +--------+--------+--------+--------+--------+-----+--------+
         Total |   5787 |   5534 |    253 |    991 |   3265 |   6 |  964.5 |
       Dungeon |   5787 |   5534 |    253 |    991 |   3265 |   6 |  964.5 |
               +--------+--------+--------+--------+--------+-----+--------+

Top non-repeatable levels by time:
     D:5: 1491 daAuts
     D:3: 1088 daAuts
     D:4: 1001 daAuts
     D:1: 872 daAuts
     D:2: 774 daAuts
     D:6: 558 daAuts
